 Dungeon Crawl Stone Soup version 0.27-a0-1139-g28e009f8a6 (webtiles) character file.

Game seed: 6216723203203326339

1414 Anon1729 the Carver (level 8, -4/67 HPs)
             Began as a Barachi Monk on May 7, 2021.
             Was a Plaything of Xom.
             Killed from afar by a steam dragon (7 damage)
             ... with a ball of steam
             ... on level 7 of the Dungeon.
             The game lasted 00:11:08 (7469 turns).

Anon1729 the Carver (Barachi Monk)                  Turns: 7469, Time: 00:11:09

Health: -4/67      AC: 13    Str: 15    XL:     8   Next: 71%
Magic:  17/17      EV:  8    Int: 11    God:    Xom [..*...]
Gold:   321        SH:  0    Dex: 14    Spells: 7/7 levels left

rFire    . . .     SeeInvis .   d - +0 long sword
rCold    . . .     Faith    .   (no shield)
rNeg     . . .     Spirit   .   h - +0 chain mail
rPois    .         Reflect  .   c - +1 helmet
rElec    .         Harm     .   (no cloak)
rCorr    .         Rampage  .   q - +0 pair of gloves
Will     +....                  f - +1 pair of boots {Fly}
Stlth    ..........             (no amulet)
HPRegen  0.21/turn              o - ring of willpower
MPRegen  0.15/turn              j - ring of magical power

@: flying, slow
A: amphibious, slowness 1, strong legs 1, +LOS
a: Hop, Renounce Religion


You were on level 7 of the Dungeon.
You worshipped Xom.
You were a toy of Xom.
You visited 1 branch of the dungeon, and saw 7 of its levels.

You collected 377 gold pieces.
You spent 56 gold pieces at shops.

Inventory:

Hand Weapons
 a - a +0 falchion
 d - a +0 long sword (weapon)
 r - a -2 triple sword
 s - a -2 demon blade
Missiles
 e - 7 curare-tipped darts
 y - 5 boomerangs of dispersal
Armour
 b - a +0 robe
 c - a +1 helmet (worn)
 f - a +1 pair of boots of flying (worn)
 g - +0 fire dragon scales
 h - a +0 chain mail (worn)
 q - a +0 pair of gloves (worn)
Jewellery
 j - a ring of magical power (right hand)
 l - an amulet of reflection
 m - a ring of positive energy
 o - a ring of willpower (left hand)
Wands
 n - a wand of flame (7)
Scrolls
 w - a scroll of noise
 z - a scroll of enchant weapon
Potions
 i - a potion of might
 k - 2 potions of flight
 p - a potion of resistance {unknown}
 t - a potion of attraction {unknown}
 u - a potion of haste
 x - 2 potions of lignification {unknown}


   Skills:
 + Level 7.2 Fighting
 * Level 9.5 Long Blades
 + Level 6.5 Dodging
 - Level 2.0 Stealth


You had 7 spell levels left.
You didn't know any spells.
Your spell library contained the following spells:

 Spells                   Type           Power      Damage    Failure   Level
 Animate Skeleton         Necr           0%         N/A       100%        1
 Apportation              Tloc           0%         N/A       100%        1
 Corona                   Hex            0%         N/A       100%        1
 Summon Small Mammal      Summ           0%         N/A       100%        1


Dungeon Overview and Level Annotations

Branches:
Dungeon (7/15)             Temple (0/1) D:5

Altars:
Okawaru
Xom

Shops:
D:4 *   D:6 (

Annotations:
D:4 1 runed translucent door, Eustachio; rigao's ghost, novice GnWn


Innate Abilities, Weirdness & Mutations

You are amphibious.
You cover ground slowly.
You can hop short distances.
You have an extended range of vision and can be seen from far away.


Message History

The iguana bites you but does no damage.
The steam dragon hisses angrily.
You slash the iguana!
The iguana is almost dead.
A centaur skeleton comes into view.
The orc priest mumbles some strange prayers to Beogh against you.
Pain shoots through your body!
The iguana bites you but does no damage.
You hit the iguana but do no damage.
The iguana is almost dead.
A scorpion comes into view.
The iguana barely misses you.
You hit the iguana.
You kill the iguana!
The orc priest hits you but does no damage.
Found 2 gold pieces.
You hit the gargoyle.
The gargoyle is lightly damaged.
The orc priest hits you with a +0 dagger.
You slash the gargoyle!
The gargoyle is moderately damaged.
The gargoyle hurls a stone arrow at you.
The stone arrow hits you!
The orc priest hits you but does no damage.
You are too injured to fight recklessly!
You are too injured to fight recklessly!
You are too injured to fight recklessly!
You are too injured to fight recklessly!
You are too injured to fight recklessly!
You are too injured to fight recklessly!
You are too injured to fight recklessly!
You are too injured to fight recklessly!
The gargoyle hurls a stone arrow at you.
The stone arrow hits you!!
* * * LOW HITPOINT WARNING * * *
Okay, then.
The steam dragon breathes steam at you. The ball of steam hits you!
You die...
Xom laughs nastily!

#. ##.
#####..####
.....#s...
#.......##
#..†..#
#.##9D#
#..o§.#
#.#@..#
#..<..#
#........#
##.###.#.#
# ....#
#.#..# #.
..# #. #.#
.. .#


You could see a steam dragon (catching breath), a gargoyle and an orc priest.

Vanquished Creatures
  An ice beast (D:6)
  3 necrophages
  2 ogres
  A bullfrog (D:6)
  A scorpion (D:5)
  A water moccasin skeleton (D:4)
  2 howler monkeys
  A bullfrog zombie (D:6)
  A centaur zombie (D:6)
  A jelly (D:5)
  An orc priest (D:4)
  2 hounds
  3 iguanas
  An orc wizard (D:5)
  Robin (D:4)
  3 adders
  A river rat (D:4)
  An ufetubus (D:6)
  2 worms
  3 dart slugs
  14 orcs
  8 endoplasms
  2 giant cockroaches
  12 goblins
  11 hobgoblins
  8 jackals
  5 kobolds
  7 ball pythons
  3 bats
  2 frilled lizards (D:3)
  8 rats
112 creatures vanquished.

Vanquished Creatures (collateral kills)
  An ice beast (D:4)
  A centaur (D:6)
  A phantom (D:6)
3 creatures vanquished.

Vanquished Creatures (others)
  A plant (D:6)
1 creature vanquished.

Grand Total: 116 creatures vanquished

Notes
Turn   | Place    | Note
-------+----------+-------------------------------------------
     0 | D:1      | Anon1729 the Barachi Monk began the quest for the Orb.
     0 | D:1      | Reached XP level 1. HP: 18/18 MP: 1/1
   259 | D:1      | Reached XP level 2. HP: 13/25 MP: 2/2
   270 | D:1      | Reached skill level 4 in Long Blades
  1003 | D:1      | Reached XP level 3. HP: 28/30 MP: 3/3
  2725 | D:3      | Found a faded altar of an unknown god.
  2786 | D:3      | Became a worshipper of Xom of Chaos
  2793 | D:3      | Found a shimmering altar of Xom.
  2867 | D:3      | Reached XP level 4. HP: 12/37 MP: 4/4
  2969 | D:3      | XOM: divination: detect items
  3047 | D:3      | XOM: cloud trail
  3413 | D:4      | Reached skill level 5 in Long Blades
  3490 | D:4      | Found a runed translucent door.
  3490 | D:4      | Noticed rigao's ghost (novice GnWn)
  3520 | D:4      | Reached XP level 5. HP: 31/43 MP: 5/5
  3687 | D:4      | Noticed Robin
  3737 | D:4      | XOM: silly message
  3753 | D:4      | HP: 1/43 [goblin/+0 dagger[Robin] (4)]
  3785 | D:4      | Killed Robin
  3875 | D:4      | XOM: divination: detect items
  3984 | D:4      | Found Satsuem's Lightly-Used Armoury.
  3988 | D:4      | Bought a -2 triple sword for 1 gold piece
  3988 | D:4      | Bought a -2 demon blade for 55 gold pieces
  4368 | D:4      | Reached skill level 5 in Fighting
  4368 | D:4      | Reached skill level 6 in Long Blades
  4368 | D:4      | Reached XP level 6. HP: 33/51 MP: 6/6
  4452 | D:4      | XOM: silly message
  4820 | D:5      | Entered Level 5 of the Dungeon
  4835 | D:5      | XOM: smoke on damage
  4918 | D:5      | XOM: polymorph adder -> river rat
  4926 | D:5      | Noticed an ice beast
  4928 | D:5      | Noticed Eustachio
  5044 | D:4      | XOM: swap monsters
  5045 | D:4      | XOM: summons 4 friendly demons
  5050 | D:4      | Killed an ice beast
  5250 | D:4      | XOM: summons 1 hostile demon
  5288 | D:4      | Xom revived you
  5293 | D:4      | Reached skill level 5 in Dodging
  5532 | D:4      | XOM: confusion (+ monsters)
  5541 | D:4      | Reached XP level 7. HP: 53/56 MP: 7/7
  5552 | D:4      | XOM: potion effect (brilliance)
  5572 | D:4      | XOM: noise
  5581 | D:4      | XOM: divination: magic mapping
  5610 | D:5      | Reached skill level 7 in Long Blades
  5667 | D:5      | XOM: summons friendly quasit
  5951 | D:5      | XOM: divination: magic mapping
  6015 | D:5      | XOM: silly message
  6416 | D:5      | Found a staircase to the Ecumenical Temple.
  6637 | D:6      | XOM: divination: magic mapping
  6643 | D:6      | XOM: cast spell 'Summon Ice Beast'
  6648 | D:6      | Reached skill level 8 in Long Blades
  6658 | D:6      | Reached XP level 8. HP: 55/65 MP: 8/8
  6918 | D:6      | XOM: 5-stop teleportation journey
  6927 | D:6      | XOM: cast spell 'Leda's Liquefaction'
  6938 | D:6      | XOM: cast spell 'Summon Ice Beast'
  6961 | D:6      | Reached skill level 9 in Long Blades
  7295 | D:6      | Found Laynuumi's Hydra Hut.
  7303 | D:6      | Noticed a six-headed hydra
  7357 | D:6      | XOM: noise
  7370 | D:6      | Found an iron altar of Okawaru.
  7459 | D:7      | Noticed a gargoyle
  7467 | D:7      | HP: 2/67 [gargoyle/stone arrow (26)]
  7469 | D:7      | Killed from afar by a steam dragon

Illustrated notes

Levels and vault maps discovered:
D:1:      dpeg_arrival_circle_labyrinth_c, layout_basic
D:2:      layout_loops_ring
D:3:      layout_rooms, lemuel_crystal_altar, ebering_ecumenical_altar_rust
D:4:      layout_cave_pods, gammafunk_ghost_grave, minmay_shop_damaged,
          eino_small_chamber_without_monster, uniq_robin
D:5:      layout_rooms, temple_doors_e, uniq_eustachio
D:6:      layout_rooms, kennysheep_okawaru_gauntlet, doesnt_shop_hydraphobe
D:7:      cheibrodos_fzero, layout_loops_cross, lemuel_round_altar

Skill      XL: |  1  2  3  4  5  6  7  8 |
---------------+-------------------------+-----
Stealth        | 2 |  2.0
Long Blades    | 4 5 6 8 9 |  9.5
Fighting       | 4 5 6 7 |  7.2
Dodging        | 4 5 6 |  6.5

Action                   |  1- 3 |  4- 6 |  7- 9 || total
-------------------------+-------+-------+-------++-------
Melee: Falchion          |    55 |       |       ||    55
       Long sword        |    63 |   184 |   205 ||   452
 Abil: Hop               |       |     2 |       ||     2
Evoke: Wand              |       |     2 |    10 ||    12
  Use: Scroll            |       |     3 |     4 ||     7
       Potion            |       |     2 |     4 ||     6
 Stab: Sleeping          |     2 |       |       ||     2
       Confused          |       |       |     1 ||     1
Armor: Robe              |    18 |       |       ||    18
       Fire dragon scale |    18 |   108 |       ||   126
       Chain mail        |       |    32 |   202 ||   234
Dodge: Dodged            |    96 |    93 |    96 ||   285
       Rpst.: Falchion   |    12 |       |       ||    12
       Long sword        |    14 |    27 |    25 ||    66

Table legend: (Time is in decaauts)
 A = Elapsed time spent in this place.
 B = Non-inter-level travel time spent in this place.
 C = Inter-level travel time spent in this place.
 D = Time resting spent in this place.
 E = Time spent auto-exploring this place.
 F = Levels seen in this place.
 G = Mean time per level.
                   A        B        C        D        E       F      G
               +--------+--------+--------+--------+--------+-----+--------+
         Total |   8201 |   7691 |    510 |   1428 |   5038 |   7 | 1171.6 |
       Dungeon |   8201 |   7691 |    510 |   1428 |   5038 |   7 | 1171.6 |
               +--------+--------+--------+--------+--------+-----+--------+

Top non-repeatable levels by time:
     D:4: 2305 daAuts
     D:1: 1802 daAuts
     D:2: 1254 daAuts
     D:5: 1215 daAuts
     D:6: 903 daAuts
     D:3: 703 daAuts
     D:7: 18 daAuts
